 Dungeon Crawl Stone Soup version 0.17.1-2-g5865329 (webtiles) character file.

18 ololoev the Skirmisher (level 2, 0/24 HPs)
             Began as a Demonspawn Fighter on Feb 10, 2016.
             Succumbed to an adder's poison
             ... on level 2 of the Dungeon.
             The game lasted 00:01:04 (235 turns).

ololoev the Skirmisher (Demonspawn Fighter)          Turns: 235, Time: 00:01:04

Health: 0/24       AC:  6    Str: 16    XL:     2   Next: 48%
Magic:  2/2        EV:  6    Int:  9    God:
Gold:   0          SH:  8    Dex: 12    Spells: 0 memorised, 1 level left

rFire  . . .     SeeInvis .     a - +0 war axe
rCold  . . .     Clarity  .     b - +0 scale mail
rNeg   . . .     SustAt   .     c - +0 shield
rPois  .         Gourm    .     (helmet restricted)
rElec  .         Spirit   .     (no cloak)
rCorr  .         Warding  .     (no gloves)
rMut   .         Stasis   .     (no boots)
MR     .....                    f - amulet of inaccuracy (curse)
Stlth  ..........               (no ring)
                                (no ring)

@: lethally poisoned (0 -> -4), not resistant to hostile enchantments, extremely
unstealthy
A: antennae 1
a: no special abilities


Innate Abilities, Weirdness & Mutations

You have a pair of small antennae on your head.

Inventory:

Hand Weapons
 a - a +0 war axe (weapon)
Armour
 b - a +0 scale mail (worn)
 c - a +0 shield (worn)
Jewellery
 f - a cursed amulet of inaccuracy (around neck)
Potions
 d - a potion of might
Comestibles
 e - a bread ration


   Skills:
 - Level 3.0 Fighting
 * Level 2.5 Axes
 + Level 2.9 Armour
 - Level 2.6 Shields


You had one spell level left.
You didn't know any spells.


You were on level 2 of the Dungeon.
You were not hungry.

You visited 1 branch of the dungeon, and saw 2 of its levels.

.# #.# ####.#
#..?.# #.##.#
#.##.#
..#####.##.#
...........#
#.....(..#@#
######.###S.##
. #####†##
#.$#. #....##
#...
......)#.##
#.#.##
.###...##.###.#
.$. #### ##.#.#
#.# ##.# ## #.#

Notes
Turn   | Place    | Note
--------------------------------------------------------------
     0 | D:1      | ololoev the Demonspawn Fighter began the quest for the Orb.
     0 | D:1      | Reached XP level 1. HP: 18/18 MP: 1/1
    82 | D:1      | Gained mutation: You have a pair of small antennae on your head. [demonic ancestry]
    82 | D:1      | Reached XP level 2. HP: 24/24 MP: 2/2
   179 | D:2      | Found a glowing silver altar of Zin.
   234 | D:2      | HP: 1/24 [adder (2)]
   235 | D:2      | Succumbed to an adder's poison

Dungeon Overview and Level Annotations

Branches:
Dungeon (2/15)

Altars:
Zin


Message History

Found 7 gold pieces.
A giant cockroach comes into view.
Found a spear.
You hit the giant cockroach but do no damage.
The giant cockroach bites you but does no damage.
You block the giant cockroach's attack.
You hit the giant cockroach.
You kill the giant cockroach!
You see here a giant cockroach corpse.
Found 19 stones.
An adder comes into view.
Found 9 gold pieces.
You block the adder's attack.
Found a scroll labeled DIJUOL JEIBUXA.
You miss the adder. You block the adder's attack. You block the adder's attack.
You miss the adder. The adder bites you but does no damage.
The adder barely misses you.
You closely miss the adder. The adder bites you but does no damage.
The adder barely misses you.
You miss the adder. The adder closely misses you.
The adder bites you but does no damage.
You miss the adder. The adder barely misses you.
The adder bites you but does no damage.
You miss the adder. The adder bites you but does no damage.
The adder bites you.
You are poisoned.
The adder poisons you!
You miss the adder.
You feel sick. The adder barely misses you.
The adder bites you but does no damage.
You miss the adder.
You feel sick. You block the adder's attack. The adder bites you.
You closely miss the adder. The adder bites you. The adder bites you.
You miss the adder. The adder barely misses you.
The adder bites you but does no damage.
You miss the adder.
You feel sick. The adder barely misses you. You block the adder's attack.
Your shield and scale mail prevent you from hitting the adder.
The adder bites you. You block the adder's attack.
You closely miss the adder.
You die...

You could see an adder.

Vanquished Creatures
  An ooze (D:1)
  A hobgoblin (D:1)
  4 jackals (D:1)
  A quokka (D:2)
  A bat (D:1)
  A giant cockroach (D:2)
  A giant newt (D:1)
  A goblin (D:1)
  A kobold (D:1)
  2 rats
14 creatures vanquished.

Action                   || total
-------------------------++-------
Melee: War axe           ||    56

Vault maps used:
D:1:      matt_arrival_spirals
D:2:      overflow_temple_1_default, lemuel_doored_altar, uniq_sigmund
